 Dungeon Crawl Stone Soup version 0.32-a0-975-g85d4e5bfdb (webtiles) character file.

Game seed: 15276619262794470236

0 Maxmaps the Changeling (level 1, -1/15 HPs)
             Began as a Demonspawn Shapeshifter on Apr 19, 2024.
             Slain by a kobold
             ... wielding a +0 dagger
              (3 damage)
             ... on level 1 of the Dungeon.
             The game lasted 00:00:07 (44 turns).

Maxmaps the Changeling (Demonspawn Shapeshifter)      Turns: 44, Time: 00:00:08

Health: -1/15      AC:  2    Str: 14    XL:     1   Next: 8%
Magic:  1/1        EV: 11    Int: 10    God:
Gold:   0          SH:  0    Dex: 12    Spells: 0/0 levels left

rFire   . .          .
                       - Unarmed
rCold   . . .        (no shield)
rNeg    . . .        a - +0 animal skin
rPois   .            (helmet currently unavailable)
rElec   .            (cloak currently unavailable)
rCorr   .            (gloves currently unavailable)
SInv    .            (boots currently unavailable)
Will    .....        (no amulet)
Stlth   +            (no ring)
HPRegen 0.22/turn    (no ring)
MPRegen 0.07/turn

%: no passive effects
@: beast-form
A: beast (slay +1)
a: Begin Untransformation


You were on level 1 of the Dungeon.
You were a hulking beast.
You visited 1 branch of the dungeon, and saw 1 of its levels.

Inventory:

Armour
 a - a +0 animal skin (worn)
Talismans
 c - a beast talisman (active)
 d - a flux talisman
Potions
 b - a potion of lignification


   Skills:
 - Level 1.0 Fighting
 - Level 1.7 Dodging
 - Level 2.6 Unarmed Combat
 + Level 2.7 Shapeshifting


You couldn't memorise any spells.
You didn't know any spells.
Your spell library was empty.

Dungeon Overview and Level Annotations

Branches:
Dungeon (1/15)

Altars:


Message History

You are too injured to fight recklessly!
You are too injured to fight recklessly!
You are too injured to fight recklessly!
You are too injured to fight recklessly!
You are too injured to fight recklessly!
You are too injured to fight recklessly!
You are too injured to fight recklessly!
You are too injured to fight recklessly!
You are too injured to fight recklessly!
You are too injured to fight recklessly!
You are too injured to fight recklessly!
Unknown command.
The ball python's grasp on you weakens, but your attempt to escape fails.
The ball python bites you but does no damage.
The ball python constricts you.
* * * LOW HITPOINT WARNING * * *
The kobold hits you with a +0 dagger.
* * * LOW HITPOINT WARNING * * *
You escape the ball python's grasp.
The kobold throws a stone.
The stone closely misses you.
There is an open door here.
The ball python attacks as it pursues you!
The ball python bites you.
* * * LOW HITPOINT WARNING * * *
The ball python closely misses you. x2; The ball python grabs you.
The ball python constricts you.
The ball python's grasp on you weakens, but your attempt to escape fails.
The ball python bites you.
* * * LOW HITPOINT WARNING * * *
The ball python constricts you.
* * * LOW HITPOINT WARNING * * *
You escape the ball python's grasp.
Unknown command.
The ball python barely misses you. The ball python grabs you.
The ball python constricts you.
You hit the ball python.
You kill the ball python!
The kobold throws a stone.
The stone misses you. The kobold hits you with a +0 dagger.
You die...

#g#.#p# ###.###
#n#.#F# ###.###
#e#.#g# ###.###
#d#.#T# ###.###
# ## #.#h#m#
.###
....###K###.....
#..........##
#...........#
###...........#
#...........#
#...........#
#............
#..........#.


You could see a merfolk and a kobold.

Vanquished Creatures
  A ball python (D:1)
1 creature vanquished.

Notes
Turn   | Place    | Note
-------+----------+-------------------------------------------
     0 | D:1      | Maxmaps the Demonspawn Shapeshifter began the quest for the
                  | Orb.
     0 | D:1      | Reached XP level 1. HP: 15/15 MP: 1/1
     2 | D:1      | Noticed a gargoyle
     4 | D:1      | Noticed a spriggan
     4 | D:1      | Noticed an octopode
     6 | D:1      | Noticed a minotaur
     6 | D:1      | Noticed a vampire
     8 | D:1      | Noticed a formicid
    10 | D:1      | Noticed a felid
    10 | D:1      | Noticed a demigod
    12 | D:1      | Noticed a tengu
    14 | D:1      | Noticed a demonspawn
    14 | D:1      | Noticed an armataur
    16 | D:1      | Noticed an oni
    16 | D:1      | Noticed a vine stalker
    18 | D:1      | Noticed a naga
    18 | D:1      | Noticed a djinni
    20 | D:1      | Noticed a human
    22 | D:1      | Noticed a ghoul
    22 | D:1      | Noticed a barachi
    24 | D:1      | Noticed an elf
    24 | D:1      | Noticed a dwarf
    26 | D:1      | Noticed a draconian
    26 | D:1      | Noticed a troll
    28 | D:1      | Noticed a merfolk
    44 | D:1      | Slain by a kobold

Illustrated notes

Levels and vault maps discovered:
D:1:      kb_arrival_jail, layout_basic, hex_tiny

Action                     || total
---------------------------++-------
  Melee: Unarmed           ||     2
 Armour: Animal skin       ||    15
  Dodge: Dodged            ||     5

Table legend: (Time is in decaauts)
 A = Elapsed time spent in this place.
 B = Non-inter-level travel time spent in this place.
 C = Inter-level travel time spent in this place.
 D = Time resting spent in this place.
 E = Time spent auto-exploring this place.
 F = Levels seen in this place.
 G = Mean time per level.
                   A        B        C        D        E       F      G
               +--------+--------+--------+--------+--------+-----+--------+
         Total |     43 |     43 |      0 |      0 |     30 |   1 |   43.0 |
       Dungeon |     43 |     43 |      0 |      0 |     30 |   1 |   43.0 |
               +--------+--------+--------+--------+--------+-----+--------+

Top non-repeatable levels by time:
     D:1: 43 daAuts
